 Dungeon Crawl Stone Soup version 0.28.0-47-ge53b351184 (webtiles) character file.

Game seed: 17678901162201709453

28 Kangaroobicon the Skirmisher (level 3, -12/32 HPs)
             Began as a Palentonga Fighter on Apr 26, 2022.
             Mangled by an ogre
             ... wielding a +0 giant spiked club
              (15 damage)
             ... on level 2 of the Dungeon.
             The game lasted 00:06:19 (877 turns).

Kangaroobicon the Skirmisher (Palentonga Fighter)    Turns: 877, Time: 00:06:20

Health: -12/32     AC:  6    Str: 19    XL:     3   Next: 0%
Magic:  0/3        EV:  7    Int:  8    God:
Gold:   75         SH:  4    Dex: 11    Spells: 2/2 levels left

rFire   . . .      SeeInvis +   a - +0 war axe
rCold   . . .      Faith    .   c - +0 buckler
rNeg    . . .      Spirit   +   b - +0 scale mail
rPois   .          Reflect  .   (no helmet)
rElec   .          Harm     .   (no cloak)
rCorr   .          Rampage  .   (no gloves)
Will    .....                   (no barding)
Stlth   ..........              i - amulet of guardian spirit
HPRegen 0.10/turn               (no ring)
MPRegen 0.08/turn               (no ring)

@: no status effects
A: large, rugged brown scales 3, see invisible, deformed body, roll 1, armoured
tail
a: Rolling Charge


You were on level 2 of the Dungeon.
You visited 1 branch of the dungeon, and saw 2 of its levels.

You collected 75 gold pieces.

Inventory:

Hand Weapons
 a - a +0 war axe (weapon)
Armour
 b - a +0 scale mail (worn)
 c - a +0 buckler (worn)
Magical Staves
 e - a staff of air
Jewellery
 i - an amulet of guardian spirit (around neck)
Scrolls
 g - a scroll of teleportation {unknown}
 h - a scroll of magic mapping {unknown}
Potions
 d - a potion of might
 f - a potion of ambrosia {unknown}
 j - a potion of flight {unknown}


   Skills:
 + Level 3.6 Fighting
 + Level 2.2 Axes
 + Level 2.6 Armour
 + Level 2.5 Shields


You had 2 spell levels left.
You didn't know any spells.
Your spell library contained the following spells:

 Spells                   Type           Power      Damage    Failure   Level
 Animate Skeleton         Necr           0%         N/A       85%         1
 Pain                     Necr           0%         1d4       85%         1
 Corpse Rot               Necr/Air       0%         N/A       94%         2
 Poisonous Vapours        Pois/Air       0%         N/A       94%         2
 Vampiric Draining        Necr           0%         2d6       99%         3


Dungeon Overview and Level Annotations

Branches:
Dungeon (2/15)

Altars:


Innate Abilities, Weirdness & Mutations

You are completely covered in rugged brown scales. (AC +3, +7% HP)
You have supernaturally acute eyesight. (SInv)
Armour fits poorly on your strangely shaped body.
You can roll at nearby foes to attack.
You have a long armoured tail.


Message History

The adder is heavily wounded.
You block the adder's attack. The adder bites you but does no damage.
You miss the adder.
The adder is heavily wounded.
You barely miss the rat. You block the adder's attack. The rat bites you.
You miss the adder.
Your tail-slap misses the adder.
The adder is heavily wounded.
You hit the rat.
You kill the rat!
The adder barely misses you. x2
You closely miss the adder.
The adder is heavily wounded.
The adder bites you. x2
You slash the adder!
You kill the adder!
You have reached level 3!
Your experience leads to an increase in your attributes!
Increase (S)trength, (I)ntelligence, or (D)exterity?
You feel agile. x2
j - a purple potion An ogre comes into view.
It is wielding a +0 giant spiked club.
The ogre shouts!
The ogre hits you but does no damage.
You barely miss the ogre.
You tail-slap the ogre, but do no damage.
You block the ogre's attack.
You closely miss the ogre. The ogre closely misses you.
You slash the ogre!
Your tail-slap misses the ogre.
The ogre is moderately wounded.
The ogre closely misses you.
You slash the ogre!
You tail-slap the ogre, but do no damage.
The ogre is severely wounded.
The ogre hits you with a +0 giant spiked club!!
Ouch! That really hurt!
* * * LOW HITPOINT WARNING * * *
You completely miss the ogre. You tail-slap the ogre.
The ogre is almost dead.
The ogre hits you with a +0 giant spiked club!
You die...

...############.
#......@O......
##########.##.#####
#..........# #
#.########## #.#
#.# #.# ### #.# ..#
##.#


You could see an ogre.

Vanquished Creatures
  An adder (D:2)
  3 hobgoblins
  A quokka (D:1)
  2 ball pythons
  3 bats (D:1)
  4 frilled lizards (D:1)
  2 goblins (D:1)
  4 kobolds (D:1)
  3 rats (D:2)
23 creatures vanquished.

Notes
Turn   | Place    | Note
-------+----------+-------------------------------------------
     0 | D:1      | Kangaroobicon the Palentonga Fighter began the quest for
                  | the Orb.
     0 | D:1      | Reached XP level 1. HP: 19/19 MP: 1/1
   279 | D:1      | Reached XP level 2. HP: 25/25 MP: 2/2
   846 | D:2      | Reached XP level 3. HP: 24/32 MP: 3/3
   871 | D:2      | Noticed an ogre
   877 | D:2      | Mangled by an ogre

Illustrated notes

Levels and vault maps discovered:
D:1:      beargit_arrival_diablo_church, layout_basic, minmay_hedge_maze
D:2:      layout_loops_ring, grunt_ministairs_9

Action                   || total
-------------------------++-------
Melee: War axe           ||    60
       Tailslap          ||     7
Armor: Scale mail        ||    28
Dodge: Dodged            ||    23
Block: Buckler           ||    10
